 Dungeon Crawl Stone Soup version 0.31-a0-691-g409c26aa35 (webtiles) character file.

Game seed: 8542594505751996227

303 qw the Shooter (level 6, -1/38 HPs)
             Began as a Gargoyle Hunter on Sept 6, 2023.
             Slain by Duvessa
             ... wielding a +0 short sword
              (3 damage)
             ... on level 4 of the Dungeon.
             The game lasted 00:01:05 (2784 turns).

qw the Shooter (Gargoyle Hunter)                    Turns: 2784, Time: 00:01:06

Health: -1/38      AC: 11    Str: 14    XL:     6   Next: 38%
Magic:  6/6        EV: 10    Int: 14    God:
Gold:   134        SH:  0    Dex: 15    Spells: 5/5 levels left

rFire   . . .        Y - +1 shortbow (flame)
rCold   + . .        (shield currently unavailable)
rNeg    + + .        q - +0 ring mail
rPois   inf          (no helmet)
rElec   +            (no cloak)
rCorr   .            (no gloves)
SInv    .            h - +1 pair of boots
Will    ++...        f - amulet of faith
Stlth   +            d - ring of protection from fire
HPRegen 0.26/turn    j - ring of the Fortifying Priest {Ice Drain rN+ Will+ Int+4}
MPRegen 0.10/turn

%: faith
@: no status effects
A: sickness immunity, AC +4, negative energy resistance 1, electricity
resistance, torment resistance 1, petrification resistance, strong-willed 1,
noise suppression
a: no special abilities


You were on level 4 of the Dungeon.
You visited 1 branch of the dungeon, and saw 4 of its levels.

You collected 134 gold pieces.


Innate Abilities, Weirdness & Mutations

You are immune to sickness and miasma.
Your stone body is resilient. (AC +4)
You are immune to poison.
You resist negative energy. (rN+)
You are resistant to electric shocks. (rElec)
You are resistant to unholy torment.
You are immune to petrification.
You are strong-willed. (Will+)
You passively dampen the noise of your surroundings.


   Skills:
 - Level 4.1 Fighting
 + Level 6.6 Ranged Weapons
 - Level 1.0 Armour
 - Level 1.5 Dodging
 - Level 1.1 Stealth


You had 5 spell levels left.
You didn't know any spells.
Your spell library was empty.

Inventory:

Hand Weapons
 Y - a +1 shortbow of flaming (weapon)
Armour
 h - a +1 pair of boots (worn)
 q - a +0 ring mail (worn)
Jewellery
 c - a ring of see invisible
 d - a ring of protection from fire (left hand)
 f - an amulet of faith (around neck)
 j - the ring of the Fortifying Priest (right hand) {Ice Drain rN+ Will+ Int+4}
   (You took it off a gnoll on level 3 of the Dungeon)

   [ring of ice]

   Ice:       It enhances your ice magic.
   Int+4:     It affects your intelligence (+4).
   rF-:       It makes you vulnerable to fire.
   rC+:       It protects you from cold.
   rN+:       It protects you from negative energy.
   Will+:     It increases your willpower.
   Drain:     It drains your maximum health when unequipped.
Scrolls
 l - 2 scrolls of identify
Potions
 a - a potion of attraction {unknown}
 b - a potion of invisibility {unknown}
 e - a potion of resistance {unknown}
 g - a potion of curing
 k - a potion of lignification {unknown}
 m - a potion of cancellation {unknown}

Dungeon Overview and Level Annotations

Branches:
Dungeon (4/15)
 Temple: D:4-7

Altars:
Ru
Zin

Annotations:
D:1 1 transporter
D:4 Duvessa


Message History

The arrow hits the hound but does no damage.
The hound is severely wounded.
The hound barely misses you. The hound bites you.
Enter note: You shoot an arrow.
Duvessa shouts!
The arrow hits the hound!
The arrow burns the hound.
You kill the hound!
Duvessa goes berserk!
You shoot an arrow.
The arrow hits Duvessa but does no damage.
You shoot an arrow. The arrow hits Duvessa!
The arrow burns Duvessa.
Duvessa is moderately wounded.
You shoot an arrow. The arrow hits Duvessa.
The arrow burns Duvessa.
Duvessa is moderately wounded.
Duvessa hits you but does no damage.
You shoot an arrow.
The arrow hits Duvessa but does no damage.
Duvessa is moderately wounded.
Duvessa barely misses you. Duvessa hits you with a +0 short sword!
You shoot an arrow.
The arrow hits Duvessa but does no damage.
Duvessa is moderately wounded.
Duvessa hits you with a +0 short sword.
You shoot an arrow. The arrow barely misses Duvessa.
Duvessa barely misses you. x2
You shoot an arrow. The arrow barely misses Duvessa.
Duvessa hits you with a +0 short sword! Duvessa hits you with a +0 short sword.
You shoot an arrow. The arrow hits Duvessa.
The arrow burns Duvessa.
Duvessa is heavily wounded.
Duvessa closely misses you. Duvessa hits you with a +0 short sword.
You shoot an arrow. The arrow barely misses Duvessa.
Duvessa hits you with a +0 short sword.
You shoot an arrow. The arrow hits Duvessa!
The arrow burns Duvessa.
Duvessa is severely wounded.
Duvessa barely misses you. Duvessa hits you with a +0 short sword.
You shoot an arrow. The arrow hits Duvessa!
The arrow burns Duvessa.
Duvessa is almost dead.
Duvessa barely misses you. Duvessa hits you with a +0 short sword.
You die...

##...## #.....#
##.....#..
##.....[....
##......>....
#.......#....
##......##....
######.....###
...
#.....@e..## ..
#........##
#...........#
#............#
#..............
#..............
...............
...............


You could see Duvessa (berserk).

Vanquished Creatures
  A bullfrog (D:3)
  Dowan (D:4)
  A hound (D:4)
  An orc wizard (D:3)
  2 adders
  4 gnolls (D:3)
  2 dart slugs (D:3)
  4 orcs (D:3)
  5 ball pythons
  8 endoplasms
  3 giant cockroaches
  6 hobgoblins
  14 kobolds
  3 quokkas
  4 bats
  5 frilled lizards
  6 goblins
  A rat (D:1)
71 creatures vanquished.

Notes
Turn   | Place    | Note
-------+----------+-------------------------------------------
     0 | D:1      | qw the Gargoyle Hunter began the quest for the Orb.
     0 | D:1      | Reached XP level 1. HP: 12/12 MP: 1/1
     0 | D:1      | 0 ||| qw: Version: 0.3-a-76-g4403597
     0 | D:1      | 0 ||| qw: Game counter: 3
     0 | D:1      | 0 ||| qw: Melee chars always use a shield: true
     0 | D:1      | 0 ||| qw: God list: Okawaru
     0 | D:1      | 0 ||| qw: Allow faded altars: false
     0 | D:1      | 0 ||| qw: Do Orc after clearing Dungeon:15 true
     0 | D:1      | 0 ||| qw: Do second Lair branch before Depths: true
     0 | D:1      | 0 ||| qw: Lair rune preference: random
     0 | D:1      | 0 ||| qw: Goals: Normal
     0 | D:1      | 0 ||| PLANNING D:1-11
    91 | D:1      | Reached XP level 2. HP: 17/17 MP: 2/2
   496 | D:1      | Reached XP level 3. HP: 21/21 MP: 3/3
   633 | D:1      | Reached skill level 5 in Ranged Weapons
   787 | D:1      | 787 ||| UPGRADING to amulet of faith.
   792 | D:1      | 792 ||| UPGRADING to ring of protection from fire.
   793 | D:1      | 793 ||| READING scroll labelled MUDEELLUBESH.
   894 | D:1      | 894 ||| READING scroll labelled JAURIFA ZOTEU.
   895 | D:1      | 895 ||| DRINKING 2 fizzy black potions.
   895 | D:1      | Gained mutation: Armour fits poorly on your strangely
                  | shaped body. [potion of mutation]
   895 | D:1      | Gained mutation: You occasionally lose the ability to drink
                  | potions when taking damage. [potion of mutation]
   896 | D:1      | 896 ||| DRINKING potion of mutation.
   896 | D:1      | Lost mutation: Armour fits poorly on your strangely shaped
                  | body. [potion of mutation]
   896 | D:1      | Lost mutation: You occasionally lose the ability to drink
                  | potions when taking damage. [potion of mutation]
   896 | D:1      | Gained mutation: You have hidden genetic potential. [potion
                  | of mutation]
   896 | D:1      | Gained mutation: You occasionally lose the ability to read
                  | scrolls when taking damage. [potion of mutation]
   897 | D:1      | 897 ||| DROPPING scroll of butterflies.
  1134 | D:2      | Reached skill level 3 in Fighting
  1481 | D:2      | Reached XP level 4. HP: 27/28 MP: 4/4
  1501 | D:2      | Found a faded altar of an unknown god.
  1501 | D:2      | Noticed a ynoxinul
  1718 | D:2      | 1718 ||| UPGRADING to +1 pair of boots.
  1723 | D:2      | 1723 ||| READING scroll labelled LUEPOXE IFFOET.
  1724 | D:2      | 1724 ||| READING scroll labelled MOENLISICW.
  1788 | D:3      | Gained mutation: You have sharp toenails. [hidden
                  | potential]
  1926 | D:3      | Identified the ring of the Fortifying Priest {Ice Drain rN+
                  | Will+ Int+4}
  1928 | D:3      | 1928 ||| RETREATING.
  1933 | D:3      | 1933 ||| Stepping ~*~*~tactically~*~*~ (retreating).
  1941 | D:3      | Reached XP level 5. HP: 18/32 MP: 5/5
  1945 | D:3      | HP: 8/32 [gnoll/+0 halberd (7)]
  1947 | D:3      | Reached skill level 6 in Ranged Weapons
  1955 | D:3      | Gained mutation: You expend magic power (3 MP) to
                  | strengthen your wands. [hidden potential]
  1955 | D:3      | Lost mutation: You have hidden genetic potential. [hidden
                  | potential expressed]
  2129 | D:3      | Found a glowing silver altar of Zin.
  2230 | D:3      | Reached skill level 1 in Armour
  2257 | D:3      | Found a sacrificial altar of Ru.
  2357 | D:3      | 2357 ||| DRINKING potion of mutation.
  2357 | D:3      | Lost mutation: You expend magic power (3 MP) to strengthen
                  | your wands. [potion of mutation]
  2357 | D:3      | Lost mutation: You have sharp toenails. [potion of
                  | mutation]
  2357 | D:3      | Lost mutation: You occasionally lose the ability to read
                  | scrolls when taking damage. [potion of mutation]
  2357 | D:3      | Gained mutation: You are strong-willed. (Will+) [potion of
                  | mutation]
  2357 | D:3      | Gained mutation: You passively dampen the noise of your
                  | surroundings. [potion of mutation]
  2588 | D:3      | 2588 ||| DROPPING +1 pair of boots.
  2589 | D:3      | 2589 ||| UPGRADING to +0 ring mail.
  2599 | D:3      | 2599 ||| DROPPING +0 leather armour.
  2600 | D:3      | 2600 ||| UPGRADING to ring of the Fortifying Priest {Ice
                  | Drain rN+ Will+ Int+4}.
  2601 | D:3      | 2601 ||| READING scroll labelled JUREKOGEU NAIL.
  2602 | D:3      | 2602 ||| READING 2 scrolls labelled ACOSEI PEOPLA.
  2603 | D:3      | 2603 ||| READING scroll labelled VUEHUT TU EHEN.
  2608 | D:3      | 2608 ||| READING scroll labelled DUM IPIFOSHRIXT.
  2609 | D:3      | 2609 ||| DRINKING 2 glowing blue potions.
  2610 | D:3      | 2610 ||| DRINKING 2 golden potions.
  2611 | D:3      | 2611 ||| DROPPING potion of brilliance.
  2612 | D:3      | 2612 ||| DROPPING scroll of blinking.
  2636 | D:4      | Reached XP level 6. HP: 38/38 MP: 6/6
  2728 | D:4      | Noticed Dowan
  2730 | D:4      | Noticed Duvessa
  2731 | D:4      | 2731 ||| RETREATING.
  2734 | D:4      | Killed Dowan
  2781 | D:4      | HP: 7/38 [Duvessa/+0 short sword (6)]
  2783 | D:4      | HP: 2/38 [Duvessa/+0 short sword (4)]
  2784 | D:4      | Slain by Duvessa

Levels and vault maps discovered:
D:1:      spicycebolla_arrival_risky_transporter, layout_basic,
          minmay_misc_feat_pillars, minmay_split_cup_large
D:2:      layout_basic, dreamdust_ecumenical_altar_sealed_demon
D:3:      layout_basic, mainiacjoe_overflow_alcove_2, overflow_temple_1_default
D:4:      layout_cave_pods, mainiacjoe_overflow_surrounded_room,
          mainiacjoe_overflow_catwalk, ashenzari_conservatory_becter,
          uniq_duvessa

Skill      XL: |  1  2  3  4  5 |
---------------+----------------+-----
Ranged Weapons | 5 6 |  6.6
Fighting       | 3 4 |  4.1
Armour         | 1 |  1.0
Dodging        | |  1.5
Stealth        | |  1.1

Action                     |  1- 3 |  4- 6 || total
---------------------------+-------+-------++-------
   Fire: Shortbow          |   109 |   122 ||   231
    Use: Scroll            |     2 |     6 ||     8
         Potion            |     2 |     3 ||     5
 Armour: Leather armour    |    21 |    45 ||    66
         Ring mail         |       |    10 ||    10
  Dodge: Dodged            |    12 |    45 ||    57

Table legend:
 A = Non-vault XP
 B = Vault XP
 C = Vault XP percentage of total XP
 D = Non-vault monster count
 E = Vault monster count
 F = Vault count percentage of total count
                 A         B        C        D         E       F
            +---------+---------+-------+---------+---------+-------
      Total |     359 |      74 |  17.1 |      66 |       5 |   7.0
            +---------+---------+-------+---------+---------+-------
        D:1 |      36 |       7 |  16.3 |      21 |       4 |  16.0
        D:2 |      40 |       0 |   0.0 |      17 |       0 |   0.0
        D:3 |     234 |       0 |   0.0 |      25 |       0 |   0.0
        D:4 |      49 |      67 |  57.8 |       3 |       1 |  25.0
            +---------+---------+-------+---------+---------+-------
